 Dungeon Crawl Stone Soup version 0.31-a0-240-gb923e448b6 (webtiles) character file.

Game seed: 15862819428791037328

40 qw the Shooter (level 3, -2/20 HPs)
             Began as a Gargoyle Hexslinger on July 11, 2023.
             Slain by a cerulean imp
             ... wielding a +2 spear
             ... summoned by Natasha
              (5 damage)
             ... on level 2 of the Dungeon.
             The game lasted 00:00:15 (1400 turns).

qw the Shooter (Gargoyle Hexslinger)                Turns: 1400, Time: 00:00:16

Health: -2/20      AC:  7    Str: 11    XL:     3   Next: 50%
Magic:  4/4        EV: 11    Int: 13    God:
Gold:   65         SH:  0    Dex: 14    Spells: 3/4 levels left

rFire   . . .        Y - +1 sling
rCold   . . .        (no shield)
rNeg    + . .        e - +0 leather armour
rPois   inf          (no helmet)
rElec   +            (no cloak)
rCorr   .            (no gloves)
SInv    .            h - +0 pair of boots
Will    .....        (no amulet)
Stlth   +            (no ring)
HPRegen 0.23/turn    (no ring)
MPRegen 0.09/turn

%: no passive effects
@: no status effects
A: sickness immunity, AC +3, negative energy resistance 1, electricity
resistance, torment resistance 1, petrification resistance
a: no special abilities


You were on level 2 of the Dungeon.
You visited 1 branch of the dungeon, and saw 2 of its levels.

You collected 65 gold pieces.


Innate Abilities, Weirdness & Mutations

You are immune to sickness and miasma.
Your stone body is resilient. (AC +3)
You are immune to poison.
You resist negative energy. (rN+)
You are resistant to electric shocks. (rElec)
You are resistant to unholy torment.
You are immune to petrification.


   Skills:
 + Level 1.3 Fighting
 - Level 3.7 Ranged Weapons
 - Level 1.5 Dodging
 - Level 1.0 Spellcasting
 - Level 2.6 Hexes


You had 3 spell levels left.
You knew the following spells:

 Your Spells              Type           Power      Damage    Failure   Level
a - Slow                  Hex            28%        N/A       12%         1

Your spell library contained the following spells:

 Spells                   Type           Power      Damage    Failure   Level
 Inner Flame              Hex/Fire       4%         N/A       54%         3
 Portal Projectile        Hex/Tloc       8%         N/A       54%         3
 Cause Fear               Hex            3%         N/A       77%         4

Inventory:

Hand Weapons
 Y - a +1 sling (weapon)
Armour
 e - a +0 leather armour (worn)
 h - a +0 pair of boots (worn)
Scrolls
 a - a scroll of identify {unknown}
 b - a scroll of immolation {unknown}
Potions
 g - a potion of enlightenment {unknown}

Dungeon Overview and Level Annotations

Branches:
Dungeon (2/15)

Altars:

Annotations:
D:2 Natasha


Message History

You see here a giant cockroach corpse.
Natasha, Servant of Life and Death comes into view.
Enter note:
Enter note: You shoot a sling bullet.
The sling bullet hits Natasha.
Natasha is lightly wounded.
You hear a shout!
A gnoll comes into view. It is wielding a +0 whip.
You hear a shout!
You shoot a sling bullet.
The sling bullet hits the gnoll but does no damage.
You hear a shout!
Natasha mewls in sadness.
You shoot a sling bullet. The sling bullet hits the gnoll.
The gnoll is lightly wounded.
You hear a shout!
Natasha casts a spell.
The gnoll hits you but does no damage.
You shoot a sling bullet.
The sling bullet barely misses the gnoll.
The gnoll hits you but does no damage.
A gnoll comes into view. It is wielding a +0 whip.
You shoot a sling bullet.
The sling bullet hits the gnoll but does no damage.
The gnoll is lightly wounded.
The gnoll misses you.
You shoot a sling bullet.
The sling bullet closely misses the gnoll.
Natasha completely misses you. Natasha claws you.
You shoot a sling bullet. The sling bullet hits Natasha!
Natasha is severely wounded.
The gnoll hits you with a +0 whip. The gnoll barely misses you.
Natasha claws you. The gnoll closely misses you. The gnoll barely misses you.
You shoot a sling bullet. The sling bullet hits Natasha.
Natasha is severely wounded.
The cerulean imp hits you but does no damage.
Natasha claws you but does no damage. The gnoll hits you with a +0 whip.
The gnoll misses you.
The cerulean imp hits you from afar with a +2 spear.
You die...

### ##+####### ...
##...##... ..#
##.....#.# #..# #
##........# ###5..#
####.........###@g...#
...)............gh...#
####.........%%......#
# ##.......##.......#
##.....##....###....
##...###....# .###
##'## #....# # #.#
##.... #.# ##....


You could see Natasha, 2 gnolls and a cerulean imp (summoned).

Vanquished Creatures
  Natasha (D:2)
  2 endoplasms (D:1)
  A giant cockroach (D:2)
  2 goblins
  2 hobgoblins (D:1)
  A ball python (D:1)
  2 bats (D:1)
  3 frilled lizards
  A rat (D:2)
15 creatures vanquished.

Notes
Turn   | Place    | Note
-------+----------+-------------------------------------------
     0 | D:1      | qw the Gargoyle Hexslinger began the quest for the Orb.
     0 | D:1      | Reached XP level 1. HP: 12/12 MP: 2/2
     0 | D:1      | 0 ||| qw: Version: 0.3-a-52-g30416fa
     0 | D:1      | 0 ||| qw: Game counter: 6108
     0 | D:1      | 0 ||| qw: Melee chars always use a shield: true
     0 | D:1      | 0 ||| qw: God list: Okawaru
     0 | D:1      | 0 ||| qw: Allow faded altars: false
     0 | D:1      | 0 ||| qw: Do Orc after clearing Dungeon:15 true
     0 | D:1      | 0 ||| qw: Do second Lair branch before Depths: true
     0 | D:1      | 0 ||| qw: Lair rune preference: random
     0 | D:1      | 0 ||| qw: Goals: Normal
     0 | D:1      | 0 ||| PLANNING D:1-11
   375 | D:1      | Reached XP level 2. HP: 16/16 MP: 3/3
  1035 | D:1      | 1035 ||| UPGRADING to +0 leather armour.
  1045 | D:1      | 1045 ||| DROPPING +0 robe.
  1046 | D:1      | 1046 ||| UPGRADING to +0 pair of boots.
  1051 | D:1      | 1051 ||| READING 2 scrolls labelled LYIP DAGGOTIR.
  1052 | D:1      | 1052 ||| READING 2 scrolls labelled FITENLUAMAI.
  1153 | D:1      | 1153 ||| DROPPING scroll of fear.
  1154 | D:1      | 1154 ||| DROPPING scroll of poison.
  1155 | D:1      | 1155 ||| DROPPING scroll of silence.
  1264 | D:2      | Noticed Natasha
  1267 | D:2      | HP: 4/16 [Natasha (12)]
  1269 | D:2      | Killed Natasha
  1270 | D:2      | Reached skill level 3 in Ranged Weapons
  1270 | D:2      | Reached XP level 3. HP: 5/20 MP: 4/4
  1392 | D:2      | Noticed Natasha
  1400 | D:2      | HP: 3/20 [gnoll/+0 whip (3)]
  1400 | D:2      | Slain by a cerulean imp

Levels and vault maps discovered:
D:1:      dpeg_arrival_simpleton_b, layout_basic
D:2:      layout_loops_corners, hellmonk_ecumenical_altar_dog_temple,
          patterned_corridor, uniq_natasha

Skill      XL: |  1  2 |
---------------+-------+-----
Ranged Weapons | 3 |  3.7
Fighting       | |  1.3
Dodging        | |  1.5
Spellcasting   | |  1.0
Hexes          | |  2.6

Action                     || total
---------------------------++-------
   Fire: Sling             ||    49
    Use: Scroll            ||     2
 Armour: Leather armour    ||     4
  Dodge: Dodged            ||    12

Table legend:
 A = Non-vault XP
 B = Vault XP
 C = Vault XP percentage of total XP
 D = Non-vault monster count
 E = Vault monster count
 F = Vault count percentage of total count
                 A         B        C        D         E       F
            +---------+---------+-------+---------+---------+-------
      Total |      22 |      36 |  62.1 |      14 |       1 |   6.7
            +---------+---------+-------+---------+---------+-------
        D:1 |      16 |       0 |   0.0 |      10 |       0 |   0.0
        D:2 |       6 |      36 |  85.7 |       4 |       1 |  20.0
            +---------+---------+-------+---------+---------+-------
